 Dungeon Crawl Stone Soup version 0.26-a0-661-g406de6ba63 (console) character file.

Game seed: 1306657670774701980

75094 jejorda2 the Minotaur Blade (level 15, -1/198 HPs)
             Began as a Minotaur Berserker on Oct 8, 2020.
             Was a High Priest of Trog.
             Slain by a storm dragon zombie (6 damage)
             ... on level 1 of the Abyss on Oct 9, 2020.
             The game lasted 01:06:18 (22241 turns).

jejorda2 the Minotaur Blade (Minotaur Berserker)   Turns: 22241, Time: 01:06:20

Health: -1/198     AC: 28    Str: 28    XL:     15   Next: 8%
Magic:  10/14      EV: 16    Int:  5    God:    Trog [*****.]
Gold:   1173       SH:  0    Dex: 13    Spells: 14/14 levels left

rFire    + + .     SeeInvis .   a - +9 triple sword (vorpal)
rCold    + + +     Faith    .   (shield currently unavailable)
rNeg     . . .     Spirit   .   R - +4 chain mail {rF+}
rPois    +         Reflect  .   (helmet restricted)
rElec    +         Harm     .   V - +4 cloak of the Tired Beds {rElec rF+ rC+++ Slay-5}
rCorr    .         Rampage  .   (no gloves)
MR       +++..                  j - +2 pair of boots
Stlth    ..........             Q - amulet "Woji" {+Inv rPois Regen+ Str+4}
HPRegen  1.83/turn              p - +4 ring of protection
MPRegen  0.14/turn              s - +4 ring of evasion

@: berserking, regenerating, very quick
A: retaliatory headbutt, horns 2, [screaming 2]
a: Berserk, Trog's Hand, Brothers in Arms, Renounce Religion, Evoke Invisibility


You were on level 1 of the Abyss.
You worshipped Trog.
Trog was extremely pleased with you.
You visited 3 branches of the dungeon, and saw 21 of its levels.
You visited the Abyss 1 time.
You also visited: Sewer, Ossuary and Volcano.

You collected 2530 gold pieces.
You spent 1357 gold pieces at shops.

Inventory:

Hand Weapons
 a - a +9 vorpal triple sword (weapon)
 z - a +3 short sword
 A - a +2 great sword of holy wrath
 I - a +3 antimagic great sword
 P - a +2 antimagic great sword
 W - a +0 antimagic double sword
Missiles
 o - 153 bolts
Armour
 j - a +2 pair of boots (worn)
 n - a +0 cloak
 N - a +0 pair of boots of flying
 R - a +4 chain mail of fire resistance (worn)
 V - the +4 cloak of the Tired Beds (worn) {rElec rF+ rC+++ Slay-5}
   (You found it on level 12 of the Dungeon)

   It affects your accuracy and damage with ranged weapons and melee attacks
   (-5).
   It protects you from fire.
   It renders you almost immune to cold.
   It insulates you from electricity.
Jewellery
 p - a +4 ring of protection (left hand)
 s - a +4 ring of evasion (right hand)
 t - an uncursed ring of positive energy
 G - an uncursed ring of positive energy
 K - an uncursed ring of protection from magic
 Q - the amulet "Woji" (around neck) {+Inv rPois Regen+ Str+4}
   (You bought it in a shop on level 10 of the Dungeon)

   [amulet of regeneration]

   It affects your strength (+4).
   It protects you from poison.
   It lets you turn invisible.
   It increases your rate of regeneration.
Wands
 w - a wand of flame (45)
 C - a wand of enslavement (10)
 E - a wand of disintegration (24)
 F - a wand of polymorph (8)
 L - a wand of acid (13)
 S - a wand of iceblast (10)
Scrolls
 d - 10 scrolls of teleportation
 f - 15 scrolls of remove curse
 y - 7 scrolls of identify
 B - 3 scrolls of enchant armour
 H - 2 scrolls of enchant weapon
 M - 2 scrolls of blinking
 O - a scroll of magic mapping
 T - a scroll of fog
 U - 2 scrolls of summoning
Potions
 c - 7 potions of flight
 e - 10 potions of berserk rage
 g - 7 potions of lignification
 h - 5 potions of heal wounds
 i - 7 potions of curing
 k - a potion of cancellation
 l - 4 potions of magic
 q - 5 potions of mutation
 r - 4 potions of invisibility
 u - 7 potions of stabbing
 v - 2 potions of resistance
 x - 2 potions of haste
 D - 2 potions of might
Miscellaneous
 b - a tin of tremorstones (3/3)
 m - a phial of floods
 J - a condenser vane (2/2)


   Skills:
 + Level 12.0 Fighting
 - Level 24.0 Long Blades
 + Level 9.5 Armour
 * Level 6.0 Dodging
 - Level 6.0 Evocations


You had 14 spell levels left.
You didn't know any spells.
Your spell library was empty.

Dungeon Overview and Level Annotations

Branches:
Dungeon (13/15)            Temple (0/1) D:4            Lair (6/6) D:8
  Swamp (0/4) Lair:3       Spider (0/4) Lair:3        Slime (0/5) Lair:5
    Orc (2/2) D:9             Elf (0/3) Orc:2         Sewer (visited)
Ossuary (visited)         Volcano (visited)
 Vaults: D:13-14

Altars:
Ashenzari
Cheibriados
Elyvilon
Okawaru
Ru
Trog
Uskayaw
Vehumet
Xom
Jiyva

Shops:
D:4 }   D:7 (   D:8 ?   D:10 =   Orc:1 }   Orc:2 }=:((

Annotations:
D:13 Sonja


Innate Abilities, Weirdness & Mutations

You reflexively headbutt those who attack you in melee.
You have a pair of horns on your head.
[You sometimes yell uncontrollably at your foes.]


Message History

The storm dragon zombie claws you but does no damage.
The storm dragon zombie misses you.
Unknown command.
Unknown command.
Unknown command.
You closely miss the wretched star.
You headbutt the wretched star, but do no damage.
The wretched star is lightly damaged.
The raiju bites you but does no damage. The raiju barely misses you.
You riposte.
You barely miss the raiju.
The raiju is lightly wounded.
Unknown command.
You slice the wretched star!!
The wretched star is heavily damaged.
The storm dragon zombie barely misses you.
You riposte.
You slice the storm dragon zombie!! You headbutt the storm dragon zombie!
The storm dragon zombie is moderately damaged.
The storm dragon zombie claws you.
You die...

....# #.## #. ##
###. .## ....
#.##.##.
#.#.##..#.
..#...##....#.
..# #....#.##.
.#
#..#.##.....##
.#.##..#.#..##.#
......Z*## #.. #
#.#...#@#.h##..#
...#. #hh...##.#
. ..#..#.##
.##.####.. #.
..# # ## .†.## #
#... ..##. ..
...#.#.. . .
#.### . # #.. .


You could see a wretched star, 2 raiju and a storm dragon zombie.

Vanquished Creatures
  An orc warlord (Orc:2)
  A stone giant (Orc:1)
  A very ugly thing (Abyss:1)
  Snorg (Lair:4)
  A centaur warrior (D:11)
  3 catoblepae (Lair:6)
  5 hydras
  A boulder beetle (D:11)
  2 ogre magi (Orc:2)
  12 two-headed ogres
  5 death yaks (Lair:6)
  A thrashing horror (Abyss:1)
  A sun demon (Volcano)
  2 wretched stars (Abyss:1)
  A deep troll (Orc:2)
  An iron troll (Orc:2)
  A flayed ghost (Abyss:1)
  2 orc knights (Orc:2)
  3 ugly things
  4 cyclopes
  A worldbinder (Abyss:1)
  4 manticores
  2 orc sorcerers
  A mana viper (Abyss:1)
  An elephant (D:8)
  An apocalypse crab (Abyss:1)
  2 smoke demons (Abyss:1)
  A gargoyle (D:11)
  3 black mambas
  15 cane toads
  A rime drake (Lair:5)
  8 komodo dragons
  An anaconda simulacrum (Abyss:1)
  An ancient zyme (Abyss:1)
  13 trolls
  2 red devils (Volcano)
  A jumping spider (Lair:2)
  A polar bear (Lair:6)
  8 blink frogs
  A hornet (D:12)
  5 slime creatures (D:12)
  Prince Ribbit (D:6)
  A raiju (Abyss:1)
  45 yaks
  2 wraiths
  4 basilisks
  A chaos spawn (Abyss:1)
  A steam dragon (D:12)
  4 vampire mosquitoes (Lair:3)
  4 large abominations (Abyss:1)
  2 wargs
  A soldier ant (D:11)
  An acid dragon (D:11)
  A hell hound (Volcano)
  20 orc warriors
  5 sky beasts
  12 water moccasins
  4 ice beasts
  23 ogres
  2 black bears
  2 eyes of draining
  3 phantoms
  24 wolves
  5 centaurs
  2 big kobolds
  20 bullfrogs
  A wyvern zombie (D:8)
  2 small abominations (Abyss:1)
  A wyvern skeleton (D:7)
  A water moccasin zombie (D:12)
  2 scorpions
  14 wights
  3 howler monkeys (D:12)
  2 electric eels
  2 bullfrog zombies
  A centaur zombie (D:11)
  17 orc priests
  A human zombie (Ossuary)
  5 centaur skeletons
  4 jellies
  8 hounds
  18 orc wizards
  A bullfrog skeleton (D:9)
  5 hell rats (Lair:6)
  3 iguanas (D:11)
  A merfolk siren (Sewer)
  A merfolk avatar (Sewer)
  8 worker ants
  2 hound zombies
  2 hound skeletons
  5 mummies (Ossuary)
  A howler monkey zombie (D:7)
  11 gnolls
  3 river rats
  20 adders
  A howler monkey skeleton (D:7)
  A shadow imp (D:7)
  2 white imps
  An ufetubus (D:10)
  An ooze (D:1)
  2 adder skeletons
  6 worms
  A dart slug (D:2)
  8 leopard geckos
  87 orcs
  10 bats
  6 giant cockroaches
  2 gnoll zombies (Ossuary)
  8 goblins
  12 hobgoblins
  11 jackals
  18 kobolds
  2 quokkas
  7 ball pythons
  10 frilled lizards
  A goblin zombie (Ossuary)
  2 hobgoblin zombies (Ossuary)
  A kobold zombie (Ossuary)
  A leopard gecko zombie (D:8)
  An orc zombie (Ossuary)
  A quokka zombie (D:9)
  32 rats
  A butterfly (Lair:5)
  A plant (Lair:6)
694 creatures vanquished.

Vanquished Creatures (collateral kills)
  A catoblepas (Lair:3)
  A death yak (Lair:6)
  4 trolls (Orc:2)
  9 yaks
  A basilisk (Lair:3)
  2 wargs (Orc:2)
  A water moccasin (Lair:3)
  2 orc warriors (Orc:2)
  4 wolves (Lair:3)
  8 orcs (Orc:2)
33 creatures vanquished.

Vanquished Creatures (others)
  A golden eye (Abyss:1)
  A white imp (Abyss:1)
  A bush (Lair:5)
  A demonic plant (Abyss:1)
  26 fungi
  38 plants
68 creatures vanquished.

Grand Total: 795 creatures vanquished

Notes
Turn   | Place    | Note
-------+----------+-------------------------------------------
     0 | D:1      | jejorda2 the Minotaur Berserker began the quest for the
                  | Orb.
     0 | D:1      | Reached XP level 1. HP: 19/19 MP: 0/0
   202 | D:1      | Reached skill level 4 in Long Blades
   202 | D:1      | Reached XP level 2. HP: 24/27 MP: 1/1
   519 | D:1      | Reached XP level 3. HP: 32/33 MP: 2/2
   748 | D:2      | Reached ** piety under Trog
   859 | D:2      | Reached skill level 5 in Long Blades
   859 | D:2      | Reached XP level 4. HP: 37/40 MP: 3/3
  1787 | D:2      | Found a sparkling altar of Nemelex Xobeh.
  1789 | D:2      | Found a shimmering altar of Xom.
  1789 | D:2      | Found a shimmering altar of Xom.
  1792 | D:2      | Found a shimmering altar of Xom.
  1792 | D:2      | Found a snail-covered altar of Cheibriados.
  1792 | D:2      | Found a shimmering altar of Xom.
  2009 | D:2      | Reached XP level 5. HP: 47/47 MP: 4/4
  2265 | D:3      | Found a glowing drain.
  2269 | Sewer    | Entered a sewer
  2334 | Sewer    | Reached *** piety under Trog
  2357 | Sewer    | Reached skill level 6 in Long Blades
  2469 | Sewer    | Reached skill level 5 in Fighting
  2494 | Sewer    | Reached XP level 6. HP: 56/56 MP: 5/5
  2819 | D:3      | Noticed a sky beast
  2826 | D:3      | Killed a sky beast
  2826 | D:3      | Reached skill level 7 in Long Blades
  2932 | D:3      | Reached **** piety under Trog
  3392 | D:4      | Found a staircase to the Ecumenical Temple.
  3470 | D:4      | Found a broken altar of Ashenzari.
  3509 | D:4      | Found a white marble altar of Elyvilon.
  3547 | D:4      | Found a sand-covered staircase.
  3556 | Ossuary  | Entered an ossuary
  3678 | Ossuary  | Reached XP level 7. HP: 61/61 MP: 6/6
  3698 | Ossuary  | Reached skill level 5 in Armour
  3986 | D:4      | Found Osteq's Gadget Shop.
  4342 | D:5      | Entered Level 5 of the Dungeon
  4364 | D:5      | Reached skill level 8 in Long Blades
  4459 | D:5      | Found an iron altar of Okawaru.
  4817 | D:6      | Reached ***** piety under Trog
  4928 | D:6      | Found a bloodstained altar of Trog.
  4932 | D:6      | Reached skill level 9 in Long Blades
  4932 | D:6      | Reached XP level 8. HP: 70/70 MP: 7/7
  4997 | D:6      | Lost intelligence.
  5148 | D:6      | Noticed Prince Ribbit
  5160 | D:6      | Killed Prince Ribbit
  5160 | D:6      | Reached skill level 10 in Long Blades
  5458 | D:7      | Found a hide-covered altar of Uskayaw.
  5479 | D:7      | Reached skill level 11 in Long Blades
  5616 | D:7      | Reached skill level 12 in Long Blades
  5663 | D:7      | Found Kycoste's Antique Weapon Emporium.
  5784 | D:7      | Reached XP level 9. HP: 46/75 MP: 8/8
  6187 | D:7      | Found a sacrificial altar of Ru.
  6327 | D:8      | Found a staircase to the Lair.
  6327 | D:8      | Noticed an elephant
  6339 | D:8      | Reached skill level 13 in Long Blades
  6346 | D:8      | Killed an elephant
  6350 | D:8      | Reached skill level 14 in Long Blades
  6515 | D:8      | Found Ympec's Magic Scroll Boutique.
  6747 | D:8      | Received a gift from Trog
  7119 | D:8      | Noticed a two-headed ogre
  7127 | D:8      | Killed a two-headed ogre
  7127 | D:8      | Reached XP level 10. HP: 71/83 MP: 9/9
  7276 | D:9      | Reached skill level 5 in Dodging
  7412 | D:9      | Reached skill level 15 in Long Blades
  7705 | D:9      | Found a staircase to the Orcish Mines.
  7813 | D:9      | Noticed a two-headed ogre
  7832 | D:9      | Killed a two-headed ogre
  8832 | Lair:1   | Entered Level 1 of the Lair of Beasts
  9247 | Lair:1   | Noticed a cane toad
  9254 | Lair:1   | Killed a cane toad
  9275 | Lair:1   | Noticed a cane toad
  9297 | Lair:1   | Killed a cane toad
  9297 | Lair:1   | Reached skill level 16 in Long Blades
  9297 | Lair:1   | Reached XP level 11. HP: 85/90 MP: 10/10
  9446 | Lair:1   | Noticed a six-headed hydra
  9460 | Lair:1   | Killed a six-headed hydra
 10196 | Lair:2   | Reached ****** piety under Trog
 10196 | Lair:2   | Received a gift from Trog
 10360 | Lair:2   | Reached skill level 17 in Long Blades
 10477 | Lair:2   | Noticed a seven-headed hydra
 10497 | Lair:2   | Killed a seven-headed hydra
 11204 | Lair:2   | Got a crude scimitar
 11204 | Lair:2   | Identified the +7 scimitar of Luxury {freeze, *Corrode rF+
                  | rC+} (You found it on level 2 of the Lair of Beasts)
 11511 | Lair:3   | Found a hole to the Spider Nest.
 11512 | Lair:3   | Noticed a catoblepas
 11521 | Lair:2   | Reached skill level 18 in Long Blades
 11841 | Lair:3   | Reached XP level 12. HP: 93/100 MP: 11/11
 11847 | Lair:3   | Found a staircase to the Swamp.
 12090 | Lair:3   | Killed a catoblepas
 12107 | Lair:3   | Reached skill level 19 in Long Blades
 12695 | Lair:4   | Noticed Snorg
 12703 | Lair:4   | Killed Snorg
 12703 | Lair:4   | Reached skill level 1 in Evocations
 13283 | Lair:5   | Noticed a five-headed hydra
 13289 | Lair:4   | Received a gift from Trog
 13352 | Lair:5   | Found a dark tunnel.
 13358 | Volcano  | Entered a volcano
 14127 | Lair:5   | Killed a five-headed hydra
 14127 | Lair:5   | Reached skill level 20 in Long Blades
 14378 | Lair:5   | Found a staircase to the Slime Pits.
 14378 | Lair:5   | Found a viscous altar of Jiyva.
 14423 | Lair:5   | Reached XP level 13. HP: 59/110 MP: 12/12
 15132 | Lair:6   | Entered Level 6 of the Lair of Beasts
 15699 | Lair:6   | Reached skill level 5 in Evocations
 16469 | Lair:6   | Reached skill level 10 in Fighting
 16869 | Lair:6   | Reached skill level 21 in Long Blades
 17336 | Orc:1    | Entered Level 1 of the Orcish Mines
 17360 | Orc:1    | Found Coer's Gadget Shoppe.
 17459 | Orc:1    | Received a gift from Trog
 17707 | Orc:2    | Entered Level 2 of the Orcish Mines
 17741 | Orc:2    | Found Aschynuwk's Gadget Boutique.
 17744 | Orc:2    | Found a radiant altar of Vehumet.
 17749 | Orc:2    | Noticed an orc warlord
 17768 | Orc:2    | Killed an orc warlord
 17776 | Orc:2    | Received a gift from Trog
 18198 | Orc:2    | Found Emejudipud's Book Boutique.
 18207 | Orc:2    | Reached XP level 14. HP: 124/124 MP: 13/13
 18230 | Orc:2    | Reached skill level 22 in Long Blades
 18448 | Orc:1    | Noticed a stone giant
 18463 | Orc:1    | Killed a stone giant
 18923 | Orc:2    | Found Kaich's Jewellery Boutique.
 18948 | Orc:2    | Found Ipril's Weapon Shoppe.
 19126 | Orc:2    | Bought a cursed amulet of inaccuracy for 22 gold pieces
 19128 | Orc:2    | Found a staircase to the Elven Halls.
 19130 | Orc:2    | Found Goys Wimp's Antique Weapon Shop.
 19535 | D:10     | Entered Level 10 of the Dungeon
 19586 | D:10     | Received a gift from Trog
 19587 | D:10     | Found the +0 sword of Power
 19750 | D:10     | Found Lion's Jewellery Boutique.
 19754 | D:10     | Bought a cursed ring of attention for 63 gold pieces
 19754 | D:10     | Bought the amulet "Woji" {+Inv rPois Regen+ Str+4} for 792
                  | gold pieces
 19896 | D:4      | Bought a tin of tremorstones (3/3) for 480 gold pieces
 20501 | D:11     | Reached skill level 23 in Long Blades
 20506 | D:11     | Received a gift from Trog
 20507 | D:11     | Got an ichor-stained great sword {god gift}
 20515 | D:11     | Lost intelligence.
 20515 | D:11     | Identified the +7 great sword "Ycsia" {vorpal, +Rage rN+
                  | Int-5 SInv} (Trog gifted it to you on level 11 of the
                  | Dungeon)
 21422 | D:12     | Got a faintly humming cloak
 21432 | D:12     | Identified the +4 cloak of the Tired Beds {rElec rF+ rC+++
                  | Slay-5} (You found it on level 12 of the Dungeon)
 21992 | D:13     | Noticed Sonja
 22002 | D:13     | Cast into level 1 of the Abyss (Sonja)
 22036 | Abyss:1  | Found a corrupted altar of Lugonu.
 22131 | Abyss:1  | Noticed a green very ugly thing
 22141 | Abyss:1  | Killed a green very ugly thing
 22163 | Abyss:1  | Reached XP level 15. HP: 93/132 MP: 14/14
 22195 | Abyss:1  | Received a gift from Trog
 22232 | Abyss:1  | Reached skill level 24 in Long Blades
 22239 | Abyss:1  | HP: 3/198 [wretched star/lance of force (22)]
 22241 | Abyss:1  | Slain by a storm dragon zombie

Illustrated notes

Levels and vault maps discovered:
D:1:      co_arrival_square_in_a_square_in_a_square, layout_rooms,
          serial_forest, infiniplex_forest_clump_small,
          infiniplex_forest_clump_medium, infiniplex_forest_clump_C,
          infiniplex_forest_straight_1, infiniplex_forest_clump_C,
          columned_hall_lemuel, minmay_pentomino_x4
D:2:      layout_basic, doesnt_xom_only_xom
D:3:      layout_loops_ring, gup_sewer_entry_bowl
D:4:      layout_basic, evilmike_ruin_ashenzari, lemuel_coloured_pillars_altar,
          minmay_temple_entry_large_hall, serial_shops,
          nicolae_shop_behind_doors, enter_ossuary_3, minmay_misc_feat_alley,
          minmay_door_square
D:5:      layout_cave_pools, nicolae_overflow_crystal_walls
D:6:      minmay_angry_zag, layout_loops_ring, bloody_trog, uniq_prince_ribbit1
D:7:      layout_basic, lemuel_crystal_altar, kennysheep_mini_moat,
          serial_shops, nicolae_shop_crystal
D:8:      layout_basic, david_lair_generic, serial_shops, nicolae_shop_stone
D:9:      layout_grid_maze, hiddenorc2_lemuel
D:10:     layout_roguey, serial_shops, nicolae_shop_stone
D:11:     layout_loops_ring, feat_on_display
D:12:     layout_irregular_city
D:13:     layout_grid_maze, lightli_vaults_fourway_checkpoint, serial_shops,
          shop, uniq_sonja
Lair:1:   layout_cave_pods, grunt_megastairs_1, lemuel_fruit_fields
Lair:2:   layout_long_grid, serial_bayou_pond_b, serial_bayou_pond_b,
          serial_bayou_ford_a, grunt_megastairs_5, serial_bayou_shore_b
Lair:3:   layout_big_grid, minmay_swamp_entry_swarm, spider_nest_entry_a,
          kennysheep_catoblepas_arena
Lair:4:   layout_hall_layers, uniq_snorg
Lair:5:   layout_loops_ring, slime_altar_1, lightli_volcano_entry_magma_tube,
          lemuel_fruit_fields, lemuel_fruit_fields
Lair:6:   evilmike_catoblepas_cave, layout_cave_pods
Orc:1:    layout_caves, serial_shops, nicolae_shop_stone
Orc:2:    st_orc_open, layout_caves, basic_altar, serial_shops, shop
Abyss:1:  base: D:4, evilmike_abyss_exit_plants

Skill      XL: |  1  2  3  4  5  6  7  8  9 10 11 12 13 14 15 |
---------------+----------------------------------------------+-----
Long Blades    | 4 5 6 7 9 12 14 16 18 20 21 23 24 | 24.0
Fighting       | 4 5 6 7 8 11 12 | 12.0
Armour         | 3 4 6 8 9 |  9.5
Dodging        | 4 6 |  6.0
Evocations     | 4 6 |  6.0

Action                   |  1- 3 |  4- 6 |  7- 9 | 10-12 | 13-15 || total
-------------------------+-------+-------+-------+-------+-------++-------
Melee: Falchion          |    62 |    61 |       |       |       ||   123
       Headbutt          |    16 |    43 |    60 |   107 |   134 ||   360
       Scimitar          |       |   131 |       |     5 |       ||   136
       Great sword       |       |    10 |   128 |     8 |     9 ||   155
       Long sword        |       |       |   131 |   263 |       ||   394
       Triple sword      |       |       |       |   167 |   515 ||   682
       Short sword       |       |       |       |    21 |    16 ||    37
Invok: Berserk           |     1 |     1 |       |     4 |     3 ||     9
       Trog's Hand       |       |     1 |     1 |     1 |     5 ||     8
       Brothers in Arms  |       |       |     1 |     1 |     4 ||     6
Evoke: Condenser vane    |       |       |       |     1 |     1 ||     2
       Wand              |       |       |       |       |     1 ||     1
  Use: Scroll            |       |    11 |    14 |     5 |     2 ||    32
       Potion            |       |     1 |       |     2 |       ||     3
 Stab: Sleeping          |     1 |       |       |       |       ||     1
       Distracted        |       |       |       |       |     2 ||     2
       Petrified         |       |       |       |       |     2 ||     2
Armor: Animal skin       |    13 |       |       |       |       ||    13
       Leather armour    |     7 |    11 |       |       |       ||    18
       Scale mail        |       |    72 |   111 |   158 |       ||   341
       Chain mail        |       |       |       |    27 |   303 ||   330
Dodge: Dodged            |    49 |   113 |   153 |   340 |   422 ||  1077
       Rpst.: Falchion   |    11 |    11 |       |       |       ||    22
       Scimitar          |       |    18 |       |       |       ||    18
       Great sword       |       |     2 |    16 |     3 |       ||    21
       Long sword        |       |       |    21 |    50 |       ||    71
       Triple sword      |       |       |       |    35 |    77 ||   112

Table legend: (Time is in decaauts)
 A = Elapsed time spent in this place.
 B = Non-inter-level travel time spent in this place.
 C = Inter-level travel time spent in this place.
 D = Time resting spent in this place.
 E = Time spent auto-exploring this place.
 F = Levels seen in this place.
 G = Mean time per level.
                   A        B        C        D        E       F      G
               +--------+--------+--------+--------+--------+-----+--------+
         Total |  22235 |  20854 |   1381 |    665 |  16020 |  25 |  889.4 |
       Dungeon |  10542 |   9598 |    944 |     78 |   7501 |  13 |  810.9 |
          Lair |   8117 |   7784 |    333 |    457 |   6243 |   6 | 1352.8 |
  Orcish Mines |   2160 |   2056 |    104 |      0 |   1699 |   2 | 1080.0 |
         Abyss |    240 |    240 |      0 |      0 |      0 |   1 |  240.0 |
         Sewer |    434 |    434 |      0 |      0 |    215 |   1 |  434.0 |
       Ossuary |    420 |    420 |      0 |     21 |    284 |   1 |  420.0 |
       Volcano |    319 |    319 |      0 |    109 |     77 |   1 |  319.0 |
               +--------+--------+--------+--------+--------+-----+--------+

Top non-repeatable levels by time:
  Lair:6: 2053 daAuts
  Lair:2: 1859 daAuts
     D:2: 1559 daAuts
     D:9: 1380 daAuts
  Lair:4: 1351 daAuts
   Orc:1: 1340 daAuts
  Lair:1: 1318 daAuts
     D:8: 1131 daAuts
  Lair:5: 1017 daAuts
     D:7: 833 daAuts
   Orc:2: 820 daAuts
    D:12: 799 daAuts
    D:11: 790 daAuts
     D:1: 749 daAuts
     D:6: 736 daAuts
